 Dungeon Crawl Stone Soup version 0.29-a0-495-g17b79114eb (webtiles) character file.

Game seed: 378139108348790069

26 MysticalOrb the Grasshopper (level 2, 0/25 HPs)
             Began as a Draconian Warper on May 27, 2022.
             Succumbed to an adder's poison
             ... on level 3 of the Dungeon.
             The game lasted 00:10:28 (826 turns).

MysticalOrb the Grasshopper (Draconian Warper)       Turns: 826, Time: 00:10:28

Health: 0/25       AC:  4    Str: 13    XL:     2   Next: 89%
Magic:  5/5        EV: 12    Int: 13    God:
Gold:   74         SH:  0    Dex: 10    Spells: 5/5 levels left

rFire   . . .      SeeInvis .   a - +0 falchion
rCold   . . .      Faith    .   (no shield)
rNeg    . . .      Spirit   .   (body armour unavailable)
rPois   .          Reflect  .   (helmet restricted)
rElec   .          Harm     .   (no cloak)
rCorr   .          Rampage  .   (no gloves)
Will    .....                   (no boots)
Stlth   +.........              (no amulet)
HPRegen 0.08/turn               (no ring)
MPRegen 0.09/turn               (no ring)

@: lethally poisoned (0 -> -6)
A: AC +4, unfitting armour, cold-blooded
a: no special abilities


You were on level 3 of the Dungeon.
You visited 1 branch of the dungeon, and saw 3 of its levels.

You collected 74 gold pieces.

Inventory:

Hand Weapons
 a - a +0 falchion (weapon)
Missiles
 c - 5 boomerangs of dispersal (quivered)
Armour
 f - a +0 leather armour
Scrolls
 b - a scroll of blinking
 d - a scroll of teleportation {unknown}
 g - a scroll of identify {unknown}
Potions
 e - a potion of haste {unknown}


   Skills:
 + Level 2.4 Fighting
 + Level 2.1 Long Blades
 + Level 0.8 Throwing
 + Level 2.5 Dodging
 + Level 2.0 Spellcasting
 + Level 3.5 Translocations


You had 5 spell levels left.
You didn't know any spells.
Your spell library contained the following spells:

 Spells                   Type           Power      Damage    Failure   Level
 Blink                    Tloc           20%        N/A       9%          2
 Gell's Gravitas          Tloc           10%        N/A       19%         3
 Lesser Beckoning         Tloc           10%        N/A       19%         3
 Teleport Other           Tloc           10%        N/A       19%         3
 Manifold Assault         Tloc           10%        N/A       86%         5


Dungeon Overview and Level Annotations

Branches:
Dungeon (3/15)

Altars:

Annotations:
D:2 Sigmund


Innate Abilities, Weirdness & Mutations

Your plain brown scales are hard. (AC +4)
You cannot fit into any form of body armour.
You are cold-blooded and may be slowed by cold attacks.


Message History

You closely miss the adder.
The adder is moderately wounded.
You feel sick. The adder bites you but does no damage.
The adder barely misses you.
You barely miss the adder.
Your tail-slap misses the adder.
Your punch misses the adder.
The adder is moderately wounded.
You feel sick. The adder bites you.
You are more poisoned.
The adder poisons you!
You feel sick.
You feel sick. The adder misses you.
You feel sick. The adder attacks as you move away! The adder barely misses you.
You feel sick.
You feel sick. The adder bites you but does no damage.
You miss the adder.
The adder is lightly wounded.
You feel sick. The adder bites you but does no damage.
You barely miss the adder.
Your tail-slap misses the adder.
The adder is lightly wounded.
You feel sick.
You are no longer poisoned.
The adder barely misses you. x2
You closely miss the adder.
The adder is lightly wounded.
The adder bites you.
* * * LOW HITPOINT WARNING * * *
You hit the adder.
Your tail-slap misses the adder.
The adder is heavily wounded.
The adder bites you.
* * * LOW HITPOINT WARNING * * *
You are lethally poisoned!
The adder poisons you! The adder bites you but does no damage.
You miss the adder.
The adder is heavily wounded.
* * * LOW HITPOINT WARNING * * *
You feel sick. The adder closely misses you.
You barely miss the adder.
The adder is heavily wounded.
You die...

.........# #.#
#..# .####.##.#
#.# .... .#
#.##.###.# ....
.# #........#
##... ##
####.##### #.#
#.# #
#.#########.#####
#.......S@......#
#.#####..##.###.#
#..# #..# # #....
#..# ....... ....
###...##.##..##
##..# .##..# ##..
..... ##. #


You could see an adder.

Vanquished Creatures
  2 worms (D:3)
  A dart slug (D:1)
  A ball python (D:1)
  An endoplasm (D:1)
  A giant cockroach (D:3)
  A goblin (D:3)
  A hobgoblin (D:3)
  2 jackals (D:1)
  A kobold (D:3)
  A quokka (D:3)
  2 bats (D:3)
  3 rats
17 creatures vanquished.

Vanquished Creatures (others)
  A ghoul (D:1)
  A draconian (D:1)
  4 octopodes (D:1)
  2 vine stalkers (D:1)
  A troll (D:1)
  A spriggan (D:1)
  A demigod (D:1)
  A dwarf (D:1)
  A mummy (D:1)
  A gnoll (D:1)
  A kobold (D:1)
  5 tentacles (D:1)
20 creatures vanquished.

Grand Total: 37 creatures vanquished

Notes
Turn   | Place    | Note
-------+----------+-------------------------------------------
     0 | D:1      | MysticalOrb the Draconian Warper began the quest for the
                  | Orb.
     0 | D:1      | Reached XP level 1. HP: 17/17 MP: 3/3
     2 | D:1      | Noticed a dwarf
     2 | D:1      | Noticed a troll
     2 | D:1      | Noticed a demigod
     2 | D:1      | Noticed an octopode
     2 | D:1      | Noticed an octopode
     2 | D:1      | Noticed a vine stalker
     2 | D:1      | Noticed a vine stalker
     2 | D:1      | Noticed a kraken
     2 | D:1      | Noticed an octopode
     2 | D:1      | Noticed a ghoul
     2 | D:1      | Noticed a spriggan
     2 | D:1      | Noticed a draconian
     2 | D:1      | Noticed an octopode
     4 | D:1      | Killed a vine stalker
     8 | D:1      | Killed a ghoul
     8 | D:1      | Killed an octopode
     9 | D:1      | Killed a demigod
    11 | D:1      | Killed an octopode
    11 | D:1      | Killed an octopode
    11 | D:1      | Killed a troll
    14 | D:1      | Killed an octopode
    14 | D:1      | Killed a dwarf
    14 | D:1      | Killed a vine stalker
    16 | D:1      | Killed a spriggan
    18 | D:1      | Killed a draconian
    73 | D:1      | Reached XP level 2. HP: 18/24 MP: 5/5
    87 | D:2      | Noticed Sigmund
    87 | D:2      | You fall into a shaft and drop 1 floor!
   825 | D:3      | HP: 1/25 [poisoned by an adder]
   826 | D:3      | Succumbed to an adder's poison

Illustrated notes

Levels and vault maps discovered:
D:1:      nicolae_arrival_kraken_aquarium_b, layout_loops_ring,
          chequers_ecumenical_altar_island, st_stairs_9
D:2:      layout_rooms, basic_altar, uniq_sigmund, uniq_robin
D:3:      layout_loops_corners, kennysheep_another_room

Action                   || total
-------------------------++-------
Melee: Falchion          ||    60
       Tailslap          ||     9
Throw: Boomerang         ||     2
Armor: Skin              ||    19
Dodge: Dodged            ||    49

Table legend: (Time is in decaauts)
 A = Elapsed time spent in this place.
 B = Non-inter-level travel time spent in this place.
 C = Inter-level travel time spent in this place.
 D = Time resting spent in this place.
 E = Time spent auto-exploring this place.
 F = Levels seen in this place.
 G = Mean time per level.
                   A        B        C        D        E       F      G
               +--------+--------+--------+--------+--------+-----+--------+
         Total |    837 |    833 |      4 |    160 |      0 |   3 |  279.0 |
       Dungeon |    837 |    833 |      4 |    160 |      0 |   3 |  279.0 |
               +--------+--------+--------+--------+--------+-----+--------+

Top non-repeatable levels by time:
     D:3: 747 daAuts
     D:1: 90 daAuts
